 Dungeon Crawl Stone Soup version 0.14-a0-40-g75911bd (webtiles) character file.

9392 PolkaDot the Tainter (level 11, -5/68 HPs)
             Began as a Vampire Venom Mage on Sept 28, 2013.
             Was a High Priest of Sif Muna.
             Slain by a spectral orc warrior
             ... wielding a cursed -4,+0 orcish flail
             ... summoned by Nergalle
              (9 damage)
             ... on Level 10 of the Dungeon.
             The game lasted 01:47:08 (16775 turns).

PolkaDot the Tainter (Vampire Venom Mage)          Turns: 16775, Time: 01:47:09

HP  -5/68        AC  3     Str  7      XL: 11   Next: 14%
MP  10/20        EV 12     Int 20      God: Sif Muna [*****.]
Gold 632         SH  0     Dex 14      Spells:  5 memorised,  2 levels left

Res.Fire  : + . .   See Invis. : +   A - +10,+6 long sword of Blosum {slice, Stlth+ Res.Cold : + . . Warding : . a - +0 robe Life Prot.: + + . Conserve : + (no shield)
Res.Poison: +       Res.Corr.  : .   (no helmet)
Res.Elec. : .       Clarity    : .   (no cloak)
Sust.Abil.: . .     Spirit.Shd : .   (no gloves)
Res.Mut.  : .       Stasis     : .   y - +0 pair of boots
Res.Rott. : +       Flight     : .   m - amulet of conservation
Saprovore : . . .                    o - ring of wizardry
                                     z - ring of protection from fire

@: regenerating slowly, drained, somewhat resistant to hostile enchantments,
quite stealthy
A: bottle blood, fangs 3, see invisible, unbreathing
a: Bat Form, Bottle Blood, Channel Energy, Forget Spell, Renounce Religion


You were on level 10 of the Dungeon.
You worshipped Sif Muna.
Sif Muna was extremely pleased with you.
You were very thirsty.

You visited 2 branches of the dungeon, and saw 11 of its levels.

You collected 612 gold pieces.

Inventory:

Hand weapons
 A - the +10,+6 long sword of Blosum (weapon) {slice, Stlth++}
   (You found it on level 9 of the Dungeon)

   It inflicts extra damage upon your enemies.
   It makes you much more stealthy.
Armour
 a - a +0 robe (worn)
 y - a +0 pair of boots (worn)
Magical devices
 i - a wand of confusion (10) {unknown}
 p - a wand of slowing (2)
 q - a wand of polymorph (6)
 s - a wand of digging (24)
 u - a wand of random effects (2)
 v - a wand of flame (0)
Scrolls
 c - 3 scrolls of identify
 d - a scroll of recharging
 f - 6 scrolls of teleportation
 h - 3 scrolls of remove curse
 j - 4 scrolls of enchant weapon I
 l - a scroll of blinking
 x - a scroll of fog
Jewellery
 g - an uncursed ring of ice
 m - an amulet of conservation (around neck)
 o - a ring of wizardry (right hand)
 r - an uncursed ring of hunger
 z - a ring of protection from fire (left hand)
Potions
 k - a potion of heal wounds
 n - a potion of curing
 w - a potion of invisibility
Books
 b - a Young Poisoner's Handbook

   Spells                             Type                      Level
   *Sting                             Conjuration/Poison           1
   *Cure Poison                       Poison                       2
   *Mephitic Cloud                    Conjuration/Poison/Air       3
   *Olgreb's Toxic Radiance           Poison                       4
   Venom Bolt                         Conjuration/Poison           5
 e - a book of Power

   Spells                             Type                      Level
   *Iskenderun's Mystic Blast         Conjuration                  4
   Venom Bolt                         Conjuration/Poison           5
   Bolt of Magma                      Conjuration/Fire/Earth       5
   Fulminant Prism                    Conjuration/Hexes            5
   Iron Shot                          Conjuration/Earth            6
   Orb of Destruction                 Conjuration                  7
 t - a Young Poisoner's Handbook

   Spells                             Type                      Level
   *Sting                             Conjuration/Poison           1
   *Cure Poison                       Poison                       2
   *Mephitic Cloud                    Conjuration/Poison/Air       3
   *Olgreb's Toxic Radiance           Poison                       4
   Venom Bolt                         Conjuration/Poison           5


   Skills:
 - Level 2.1(1.6) Dodging
 - Level 3.0(2.5) Stealth
 - Level 3.0(2.5) Spellcasting
 * Level 4.2(3.7) Conjurations
 + Level 10.6(10.0) Air Magic
 + Level 10.6(10.0) Poison Magic
 - Level 4.5(4.0) Invocations


You had 2 spell levels left.
You knew the following spells:

 Your Spells              Type           Power        Failure   Level  Hunger
a - Sting                 Conj/Pois      ####         1%          1    None
q - Cure Poison           Pois           #####.....   1%          2    ##.....
s - Iskenderun's Mystic   Conj           ###.....     12%         4    ####...
x - Mephitic Cloud        Conj/Pois/Air  ####....     1%          3    ###....
z - Olgreb's Toxic Radia  Pois           #####...     1%          4    ####...


Dungeon Overview and Level Annotations

Branches:
Dungeon (10/27)            Temple (1/1) D:5            Lair (0/8) D:8
    Orc: D:6-11

Altars:
Ashenzari
Cheibriados
Elyvilon
Fedhas
Kikubaaqudgha
Makhleb
Nemelex Xobeh
Okawaru
Sif Muna
Trog
Vehumet
Xom
Yredelemnul
Zin
the Shining One

Shops:
D:4 %

Annotations:
D:10 Nergalle


Innate Abilities, Weirdness & Mutations

You heal slowly.
You can bottle blood from corpses.
You have razor-sharp teeth.*
You have supernaturally acute eyesight.
You can survive without breathing.*


Message History

* * * LOW HITPOINT WARNING * * *
The spectral orc warrior closely misses you.
Casting: Mephitic Cloud
Confirm with . or Enter, or press ? or * to list all spells.
Aiming: Sting
Press: ? - help, Shift-Dir - straight line, f/p - Nergalle
Aim: Nergalle, wielding an orcish dagger and wearing a glowing orcish robe (noxious fumes, almost dead, bewildered and confused, standing in death's doorway)
The sting hits Nergalle.
Nergalle is poisoned.
Nergalle is almost dead.
Nergalle is engulfed in noxious fumes.
The spectral orc warrior misses you.
The spectral orc warrior closely misses you.
The spectral orc warrior hits you but does no damage.
You hit Nergalle but do no damage. Your bite misses Nergalle.
Nergalle is almost dead.
Nergalle is engulfed in noxious fumes.
Nergalle misses you.
The spectral orc warrior hits you but does no damage.
The spectral orc warrior hits you from afar with an orcish trident!
* * * LOW HITPOINT WARNING * * *
The spectral orc warrior hits you with an orcish flail!
You die...

### ####### #.. #
#...(.########.#
#ยง###W###.....>.....
#Wo@WW#....##..#.#..
#######.....#.......
#.....#.#....#..
#.#####.##..)... #.
.##.####. # ###%##...
#.##... #.##...
#.##...


You could see Nergalle (confused), a spectral orc and 3 spectral orc warriors.

Vanquished Creatures
  Erolcha (D:9)
  An unseen horror (D:10)
  2 hill giants (D:10)
  Maurice (D:9)
  Prince Ribbit (D:4)
  A wyvern (D:10)
  Grum (D:9)
  A hungry ghost (D:7)
  3 wolves (D:9)
  2 hippogriffs
  Menkaure (D:7)
  A deep dwarf (D:8)
  3 orc warriors
  2 sky beasts (D:8)
  3 ice beasts
  11 ogres
  A phantom (D:8)
  A black bear (D:9)
  10 centaurs
  Sigmund (D:3)
  8 giant frogs
  A water moccasin (D:10)
  A manticore skeleton (D:9)
  A troll zombie (D:8)
  3 jellies
  3 killer bees (D:9)
  2 wights (D:7)
  4 crimson imps
  A two-headed ogre zombie (D:9)
  4 hounds
  An orc wizard (D:8)
  4 orc priests
  4 iguanas
  10 worker ants
  9 scorpions
  A mottled dragon zombie (D:9)
  A big kobold zombie (D:10)
  2 ogre skeletons
  A hound zombie (D:8)
  A hound skeleton (D:5)
  2 mummies
  11 adders
  8 gnolls
  3 giant mites
  4 worms
  An iguana zombie (D:5)
  An adder skeleton (D:4)
  3 giant eyeballs (D:4)
  30 orcs
  15 bats
  3 giant cockroaches
  22 goblins
  20 hobgoblins
  12 jackals
  6 quokkas
  2 ball pythons
  A giant cockroach zombie (D:5)
  5 giant geckos
  8 giant newts
  20 kobolds
  2 orc skeletons (D:4)
  19 rats
  A rat skeleton (D:4)
  A rat zombie (D:6)
310 creatures vanquished.

Vanquished Creatures (collateral kills)
  A killer bee (D:9)
  2 wights (D:7)
3 creatures vanquished.

Vanquished Creatures (others)
  A giant gecko (D:7)
1 creature vanquished.

Grand Total: 314 creatures vanquished

Notes
Turn   | Place    | Note
--------------------------------------------------------------
     0 | D:1      | PolkaDot, the Vampire Venom Mage, began the quest for the Orb.
     0 | D:1      | Reached XP level 1. HP: 13/13 MP: 4/4
   314 | D:1      | Reached XP level 2. HP: 11/19 MP: 1/5
   386 | D:1      | Reached skill level 4 in Poison Magic
   634 | D:1      | Reached XP level 3. HP: 24/24 MP: 7/7
   644 | D:1      | Learned a level 2 spell: Cure Poison
  1515 | D:2      | Reached XP level 4. HP: 30/30 MP: 0/8
  2134 | D:3      | Noticed Sigmund
  2141 | D:3      | Learned a level 4 spell: Olgreb's Toxic Radiance
  2160 | D:3      | Killed Sigmund
  2160 | D:3      | Reached skill level 5 in Poison Magic
  2160 | D:3      | Reached XP level 5. HP: 11/35 MP: 9/11
  2309 | D:3      | HP: 1/35 [kobold/elven short sword (5)]
  2774 | D:4      | Found a burning altar of Makhleb.
  2851 | D:4      | Learned a level 3 spell: Mephitic Cloud
  3165 | D:4      | Found Prot's Food Shop.
  3188 | D:4      | Paralysed by a giant eyeball for 4 turns
  3205 | D:4      | Noticed an ogre
  3206 | D:4      | Noticed an ogre
  3227 | D:4      | Reached skill level 1 in Air Magic
  3361 | D:4      | Noticed an ogre
  3385 | D:4      | Killed an ogre
  3385 | D:4      | Reached skill level 6 in Poison Magic
  3385 | D:4      | Reached XP level 6. HP: 37/41 MP: 0/13
  3392 | D:5      | Entered Level 5 of the Dungeon
  3588 | D:4      | Killed an ogre
  3653 | D:4      | Killed an ogre
  3653 | D:4      | Reached XP level 7. HP: 22/46 MP: 2/15
  4007 | D:4      | Found a blossoming altar of Fedhas.
  4111 | D:4      | Noticed Prince Ribbit
  4128 | D:4      | Killed Prince Ribbit
  4128 | D:4      | Reached skill level 7 in Poison Magic
  4259 | D:4      | Noticed an ogre
  4282 | D:4      | Killed an ogre
  4747 | D:4      | Paralysed by a giant eyeball for 2 turns
  5507 | D:5      | Found a staircase to the Ecumenical Temple.
  5514 | Temple   | Entered the Ecumenical Temple
  5737 | Temple   | Became a worshipper of Sif Muna the Loreminder
  5832 | D:5      | Reached XP level 8. HP: 32/52 MP: 3/17
  5876 | D:5      | HP: 1/52 [crimson imp/ stone (7)]
  6589 | D:5      | Reached skill level 8 in Poison Magic
  8105 | D:5      | Acquired Sif Muna's first power
  8105 | D:5      | Reached skill level 5 in Air Magic
  9320 | D:6      | Reached skill level 1 in Invocations
  9977 | D:6      | Reached skill level 9 in Poison Magic
 10532 | D:7      | Reached XP level 9. HP: 35/57 MP: 18/18
 11028 | D:7      | Found a sparkling altar of Nemelex Xobeh.
 11039 | D:7      | Noticed Menkaure
 11050 | D:7      | Killed Menkaure
 11050 | D:7      | Acquired Sif Muna's second power
 11655 | D:8      | Found a staircase to the Lair.
 12463 | D:8      | Found a white marble altar of Elyvilon.
 12838 | D:9      | Noticed Erolcha
 12853 | D:9      | Killed Erolcha
 12853 | D:9      | Reached XP level 10. HP: 30/63 MP: 11/19
 13627 | D:8      | Reached skill level 10 in Poison Magic
 13929 | D:9      | Noticed Grum
 13930 | D:9      | Reached skill level 1 in Conjurations
 13941 | D:9      | Killed Grum
 14331 | D:9      | Learned a level 4 spell: Iskenderun's Mystic Blast
 14450 | D:9      | Acquired Sif Muna's third power
 14626 | D:9      | Got a bloodstained long sword
 14627 | D:9      | Identified the +10,+6 long sword of Blosum {slice, Stlth++} (You found it on level 9 of the Dungeon)
 14627 | D:9      | Identified the +10,+6 long sword of Blosum {slice, Stlth++} (You found it on level 9 of the Dungeon)
 14698 | D:9      | Noticed Maurice
 14723 | D:9      | Killed Maurice
 15035 | D:10     | Entered Level 10 of the Dungeon
 15037 | D:10     | Reached skill level 10 in Air Magic
 15085 | D:10     | Noticed a hill giant
 15326 | D:10     | Killed a hill giant
 15352 | D:10     | Noticed a hill giant
 15370 | D:10     | Killed a hill giant
 15747 | D:10     | Reached XP level 11. HP: 68/68 MP: 5/20
 16148 | D:10     | Noticed an unseen horror
 16164 | D:10     | Killed an unseen horror
 16734 | D:10     | Noticed Nergalle
 16775 | D:10     | Slain by a spectral orc warrior

Action                   |  1- 3 |  4- 6 |  7- 9 | 10-12 || total
-------------------------+-------+-------+-------+-------++-------
Melee: Unarmed           |    12 |       |       |       ||    12
       Short sword       |    77 |       |       |       ||    77
       Trident           |    19 |   116 |   303 |   100 ||   538
       Mace              |       |       |    24 |       ||    24
       Long sword        |       |       |       |    45 ||    45
       Spear             |       |       |       |     5 ||     5
 Cast: Sting             |    32 |    39 |   299 |   158 ||   528
       Mephitic Cloud    |       |     7 |    56 |    44 ||   107
       Cure Poison       |       |     2 |     8 |     5 ||    15
       Olgreb's Toxic Ra |       |     1 |    32 |    25 ||    58
       Iskenderun's Myst |       |       |       |    34 ||    34
Invok: Channel Energy    |       |       |   180 |   252 ||   432
 Abil: Bottle Blood      |       |       |    27 |    19 ||    46
Evoke: Wand              |       |       |    20 |    16 ||    36
  Use: Potion            |     1 |     7 |    27 |    27 ||    62
       Scroll            |     2 |       |    18 |    12 ||    32
 Stab: Sleeping          |    11 |     2 |     2 |     3 ||    18
       Confused          |       |     2 |     8 |     5 ||    15
       Paralysed         |       |       |     5 |       ||     5
